 Dungeon Crawl Stone Soup version 0.30-a0-739-gea05faddec (webtiles) character file.

Game seed: 13205076350201101583

720 cforsyth the Conjurer (level 7, -1/33 (36) HPs)
             Began as a Tengu Fire Elementalist on Feb 4, 2023.
             Was an Initiate of Vehumet.
             Slain by a wight
             ... wielding a +0 great sword
              (7 damage)
             ... on level 7 of the Dungeon.
             The game lasted 00:09:58 (5374 turns).

cforsyth the Conjurer (Tengu Fire Elementalist)     Turns: 5374, Time: 00:09:58

HP:   -1/33 (36)    AC:  3    Str:  8    XL:     7   Next: 70%
MP:   15/15         EV: 14    Int: 18    God:    Vehumet [......]
Gold: 257           SH:  0    Dex: 14    Spells: 14/15 levels left

rFire   . . .      SeeInvis .    (no weapon)
rCold   . . .      Faith    .    (no shield)
rNeg    . . .      Spirit   .    a - +0 robe
rPois   .          Reflect  .    (helmet restricted)
rElec   .          Harm     .    (no cloak)
rCorr   .          Rampage  .    m - +0 pair of gloves
Will    .....                    (boots unavailable)
Stlth   ++                       (no amulet)
HPRegen 0.25/turn                i - ring of flight
MPRegen 0.14/turn                (no ring)

@: flying quickly and evasively, drained, quick
A: beak, talons 3, nimble flight
a: Renounce Religion


You were on level 7 of the Dungeon.
You worshipped Vehumet.
Vehumet was noncommittal.
You visited 2 branches of the dungeon, and saw 8 of its levels.

You collected 257 gold pieces.

Inventory:

Missiles
 y - a throwing net
Armour
 a - a +0 robe (worn)
 m - a +0 pair of gloves (worn)
 w - the -2 hat of the Alchemist {rElec rPois rF+ rC+ rN+ Will+ rMut rCorr}
   (You found it on level 8 of the Dungeon)

   rF:        It protects you from fire.
   rC:        It protects you from cold.
   rElec:     It insulates you from electricity.
   rPois:     It protects you from poison.
   rN:        It protects you from negative energy.
   rCorr:     It protects you from acid and corrosion.
   rMut:      It protects you from mutation.
   Will:      It increases your willpower.
Jewellery
 i - a ring of flight (left hand)
 s - a +6 ring of strength
 u - a +6 ring of strength
Wands
 x - a wand of flame (11)
Scrolls
 e - 3 scrolls of poison {unknown}
 f - 2 scrolls of blinking {unknown}
 g - 2 scrolls of amnesia {unknown}
 j - 3 scrolls of teleportation {unknown}
 k - 3 scrolls of enchant armour {unknown}
 l - 2 scrolls of fear {unknown}
 o - a scroll of enchant weapon {unknown}
 q - a scroll of brand weapon {unknown}
 r - a scroll of vulnerability {unknown}
 t - 4 scrolls of identify {unknown}
Potions
 b - a potion of magic
 c - a potion of heal wounds {unknown}
 d - 2 potions of curing
 h - a potion of lignification {unknown}
 n - a potion of mutation {unknown}
 p - a potion of flight {unknown}
 v - a potion of brilliance {unknown}


   Skills:
 - Level 2.1 Dodging
 - Level 2.0 Stealth
 + Level 4.7 Spellcasting
 + Level 6.2 Conjurations
 + Level 6.1 Fire Magic


You had 14 spell levels left.
You knew the following spells:

 Your Spells              Type           Power      Damage    Failure   Level
a - Foxfire               Conj/Fire      100%       2x1d9     1%          1

Your spell library contained the following spells:

 Spells                   Type           Power      Damage    Failure   Level
 Scorch                   Fire           52%        2d7       1%          2
 Flame Wave               Conj/Fire      26%        2d8       11%         4
 Inner Flame              Hex/Fire       15%        N/A       12%         3
 Stone Arrow              Conj/Erth      30%        3d8       12%         3
 Kindle Blastsparks       Fire/Tloc/Air  22%        2d11      19%         3
 Animate Armour           Summ/Erth      8%         N/A       80%         4
 Lehudib's Crystal Spear  Conj/Erth      7%         10d3      100%        8


Dungeon Overview and Level Annotations

Branches:
Dungeon (8/15)             Temple (1/1) D:4
   Lair: D:8-11

Altars:
Ashenzari
Dithmenos
Elyvilon
Gozag
Kikubaaqudgha
Makhleb
Okawaru
Ru
Sif Muna
Trog
Uskayaw
Vehumet
Xom
Yredelemnul
Zin
The Shining One


Innate Abilities, Weirdness & Mutations

You have a beak for a mouth.
You have claws for feet.
Your magical nature lets you fly swiftly and evasively.


Message History

The wight is almost destroyed.
You conjure some foxfire!
The foxfire hits the wight but does no damage.
The wight is almost destroyed.
You conjure some foxfire!
The foxfire hits the wight but does no damage.
The wight is almost destroyed.
You conjure some foxfire!
The foxfire hits the wight but does no damage.
The wight is almost destroyed.
The foxfire hits the wight but does no damage.
The wight is almost destroyed.
The wight misses you.
The wight hits your foxfire with a +3 battleaxe!
You conjure some foxfire!
The foxfire hits the wight.
The wight is almost destroyed.
The foxfire hits the wight.
You destroy the wight!
Vehumet accepts your kill.
Your life force feels restored.
You start resting.
Your foxfire dissipates! x2
You start resting.
Magic restored.
You start resting.
HP restored.
You start waiting.
Done waiting.
Things that are here:
a +3 battleaxe; a +0 robe
There is a stone staircase leading up here.
You fly upwards.
The wight closely misses you.
There is a stone staircase leading down, spattered with blood here.
The electric eel shoots out a bolt of lightning at you!
The bolt of electricity hits you!
The wight hits you with a +0 great sword!!
Ouch! That really hurt!
* * * LOW HITPOINT WARNING * * *
You feel drained.
You die...

≈≈≈ ≈≈ # S~# .
#. ..# ⌠[ #..
#..#...
#...###....###
#.....z.......
#@......z
#.##<#### #.#
... #.# #.#
#.# ...


You could see an electric eel and 2 wights.

Vanquished Creatures
  A hornet (D:8)
  A black bear (D:4)
  A bullfrog (D:8)
  A gnoll sergeant (D:8)
  A wight (D:8)
  2 howler monkeys (D:8)
  An orc wizard (D:4)
  3 gnolls (D:8)
  3 adders
  3 worms
  A dart slug (D:1)
  11 orcs
  12 ball pythons
  4 bats
  9 endoplasms
  5 giant cockroaches
  9 goblins
  7 hobgoblins
  4 jackals (D:1)
  2 frilled lizards
  7 kobolds
  5 rats
93 creatures vanquished.

Vanquished Creatures (collateral kills)
  4 foxfires (D:4)
4 creatures vanquished.

Vanquished Creatures (others)
  423 foxfires
  13 plants (D:4)
436 creatures vanquished.

Grand Total: 533 creatures vanquished

Notes
Turn   | Place    | Note
-------+----------+-------------------------------------------
     0 | D:1      | cforsyth the Tengu Fire Elementalist began the quest for
                  | the Orb.
     0 | D:1      | Reached XP level 1. HP: 10/10 MP: 4/4
     2 | D:1      | Noticed a draconian
     2 | D:1      | Noticed a merfolk
     4 | D:1      | Noticed a tengu
     4 | D:1      | Noticed an armataur
     6 | D:1      | Noticed a spriggan
     6 | D:1      | Noticed a formicid
     8 | D:1      | Noticed an octopode
    10 | D:1      | Noticed a felid
    10 | D:1      | Noticed an ogre
    12 | D:1      | Noticed a ghoul
    14 | D:1      | Noticed a human
    14 | D:1      | Noticed a demonspawn
    16 | D:1      | Noticed a troll
    16 | D:1      | Noticed an elf
    18 | D:1      | Noticed a naga
    18 | D:1      | Noticed a vine stalker
    20 | D:1      | Noticed a vampire
    20 | D:1      | Noticed a demigod
    22 | D:1      | Noticed a minotaur
    22 | D:1      | Noticed a gargoyle
    24 | D:1      | Noticed a felid
    24 | D:1      | Noticed a meteoran
    26 | D:1      | Noticed a demonspawn
   203 | D:1      | Reached XP level 2. HP: 15/15 MP: 3/6
  1242 | D:1      | Reached XP level 3. HP: 6/19 MP: 3/7
  2136 | D:2      | Found an opulent altar of Gozag.
  2202 | D:2      | Reached XP level 4. HP: 24/24 MP: 7/9
  2589 | D:3      | Found a burning altar of Makhleb.
  2667 | D:3      | Found a shimmering altar of Xom.
  2727 | D:3      | Found a shadowy altar of Dithmenos.
  2743 | D:3      | Found a white marble altar of Elyvilon.
  3333 | D:4      | Gained mutation: Your magical nature lets you fly swiftly
                  | and evasively. [Tengu growth]
  3333 | D:4      | Reached XP level 5. HP: 25/28 MP: 5/10
  3431 | D:4      | Found a staircase to the Ecumenical Temple.
  3453 | Temple   | Entered the Ecumenical Temple
  3587 | Temple   | Became a worshipper of Vehumet
  4171 | D:4      | Noticed a black bear
  4179 | D:4      | Killed a black bear
  4180 | D:4      | Reached skill level 5 in Fire Magic
  4180 | D:4      | Reached XP level 6. HP: 32/32 MP: 4/12
  4495 | D:5      | Entered Level 5 of the Dungeon
  4622 | D:5      | Noticed a water moccasin
  4794 | D:5      | You are sucked into a shaft and drop 3 floors!
  4804 | D:8      | Found the -2 hat of the Alchemist {rElec rPois rF+ rC+ rN+
                  | Will+ rMut rCorr}
  4877 | D:8      | Reached skill level 5 in Conjurations
  4884 | D:8      | Noticed a hornet
  4895 | D:8      | Paralysed by a hornet for 1 turns
  4896 | D:8      | Killed a hornet
  4897 | D:8      | Reached XP level 7. HP: 9/36 MP: 2/14
  5374 | D:7      | Slain by a wight

Illustrated notes

Levels and vault maps discovered:
D:1:      kb_arrival_jail, layout_basic
D:2:      layout_basic, basic_altar
D:3:      layout_loops_ring, nicolae_overflow_quartered_altars,
          ebering_dispersal_statue_hall, minmay_box_of_dots
D:4:      layout_loops_ring, minmay_temple_entry_glassed_door,
          serial_bayou_lagoon_b
D:5:      layout_loops_cross, general_overflow_altar, hangedman_decor_riveting,
          uniq_edmund, uniq_blork_the_orc, uniq_grinder
D:7:      layout_loops_cross, fountainhead
D:8:      layout_gridville, small_statue_intersection, nicolae_diode_quadrants,
          uniq_grum
Temple:   hellmonk_temple_flake

Skill      XL: |  1  2  3  4  5  6  7 |
---------------+----------------------+-----
Conjurations   | 2 3 4 5 6 |  6.2
Fire Magic     | 4 5 6 |  6.1
Spellcasting   | 3 4 |  4.7
Dodging        | |  2.1
Stealth        | |  2.0

Action                     |  1- 3 |  4- 6 |  7- 9 || total
---------------------------+-------+-------+-------++-------
  Melee: Unarmed           |     3 |     9 |       ||    12
         Kick              |     1 |     3 |       ||     4
         Peck              |       |     2 |       ||     2
   Cast: Foxfire           |    99 |   125 |    25 ||   249
    Use: Potion            |       |       |     1 ||     1
 Armour: Robe              |    18 |     8 |       ||    26
  Dodge: Dodged            |    34 |    28 |     4 ||    66

Table legend: (Time is in decaauts)
 A = Elapsed time spent in this place.
 B = Non-inter-level travel time spent in this place.
 C = Inter-level travel time spent in this place.
 D = Time resting spent in this place.
 E = Time spent auto-exploring this place.
 F = Levels seen in this place.
 G = Mean time per level.
                   A        B        C        D        E       F      G
               +--------+--------+--------+--------+--------+-----+--------+
         Total |   5291 |   5181 |    110 |    519 |   3825 |   8 |  661.4 |
       Dungeon |   5159 |   5057 |    102 |    519 |   3717 |   7 |  737.0 |
        Temple |    132 |    124 |      8 |      0 |    108 |   1 |  132.0 |
               +--------+--------+--------+--------+--------+-----+--------+

Top non-repeatable levels by time:
     D:1: 1408 daAuts
     D:4: 1257 daAuts
     D:3: 1049 daAuts
     D:2: 867 daAuts
     D:8: 563 daAuts
  Temple: 132 daAuts
     D:5: 9 daAuts
     D:7: 3 daAuts
